 Dungeon Crawl Stone Soup version 0.25.0-41-g26779e291d (webtiles) character file.

Game seed: 15682270480240192807

124 Ethylacetat the Stinger (level 5, 0/31 HPs)
             Began as an Octopode Venom Mage on July 10, 2020.
             Slain by a gnoll (5 damage)
             ... on level 3 of the Dungeon.
             The game lasted 00:06:37 (2267 turns).

Ethylacetat the Stinger (Octopode Venom Mage)       Turns: 2267, Time: 00:06:38

Health: 0/31       AC:  1    Str:  8    XL:     5   Next: 8%
Magic:  8/8        EV: 13    Int: 18    God:
Gold:   102        SH:  0    Dex: 12    Spells: 8/9 levels left

rFire    . . .     SeeInvis .   i - +2 spear (vorpal)
rCold    . . .     Gourm    .   (no shield)
rNeg     . . .     Faith    .   (helmet restricted)
rPois    .         Spirit   .   (no amulet)
rElec    .         Reflect  .   (no ring)
rCorr    .         Harm     .   (no ring)
MR       .....                  (no ring)
Stlth    +++.......             (no ring)
HPRegen  0.10/turn              (no ring)
MPRegen  0.11/turn              (no ring)
                                (no ring)
                                (no ring)

@: lethally poisoned (0 -> -5), invisible
A: almost no armour, stealthy swim, amphibious, 8 rings, constrict 8, camouflage
1, gelatinous body 1
a: no special abilities


You were on level 3 of the Dungeon.
You were hungry.

You visited 1 branch of the dungeon, and saw 3 of its levels.

You collected 102 gold pieces.

Inventory:

Hand Weapons
 i - a +2 vorpal spear (weapon)
Scrolls
 c - 2 scrolls of enchant armour {unknown}
 d - 4 scrolls of identify {unknown}
 f - a scroll of remove curse {unknown}
 h - a scroll of immolation {unknown}
 j - a scroll of magic mapping {unknown}
 k - 2 scrolls of teleportation {unknown}
 n - a scroll of noise {unknown}
 o - a scroll of amnesia {unknown}
 p - a scroll of enchant weapon {unknown}
 s - a scroll of blinking {unknown}
Potions
 a - a potion of might {unknown}
 e - a potion of lignification {unknown}
 g - 2 potions of ambrosia
 r - a potion of cancellation
Comestibles
 b - 4 rations
 m - 5 chunks of flesh


   Skills:
 + Level 1.3 Polearms
 - Level 2.0 Dodging
 - Level 2.6 Stealth
 + Level 2.5 Spellcasting
 * Level 2.8 Transmutations
 * Level 5.0 Poison Magic


You had 8 spell levels left.
You knew the following spells:

 Your Spells              Type           Power        Failure   Level  Hunger
a - Sting                 Tmut/Pois      ###.         3%          1    #......

Your spell library contained the following spells:

 Spells                   Type           Power        Failure   Level  Hunger
 Poisonous Vapours        Pois/Air       ##....       10%         2    ##.....
 Ignite Poison            Fire/Tmut/Pois ##......     17%         3    ###....
 Olgreb's Toxic Radiance  Pois           ###.....     22%         4    #####..
 Mephitic Cloud           Conj/Pois/Air  #.......     26%         3    ###....


Dungeon Overview and Level Annotations

Branches:
Dungeon (3/15)

Altars:
Ashenzari
Qazlal


Innate Abilities, Weirdness & Mutations

You cannot wear most types of armour.
You are very stealthy in the water. (Stealth+)
You are amphibious.
You can wear up to eight rings at the same time.
You can use your tentacles to constrict eight enemies at once.
Your skin changes colour to match your surroundings (Stealth+).
Your rubbery body absorbs attacks. (AC +1, EV +1)


Message History

You feel invigorated.
You feel sick. The adder misses you.
The gnoll hits you from afar with a +0 spear!
* * * LOW HITPOINT WARNING * * *
It was a potion of heal wounds.
You feel much better. The adder bites you. The gnoll hits you.
The gnoll hits you but does no damage. The adder bites you but does no damage.
You feel sick. The gnoll hits you. The gnoll hits you with a +0 spear!
The adder bites you but does no damage.
You see here a +0 club.
It was a potion of cancellation.
Your magical effects are unravelling.
You feel magically purged.
You feel less invigorated.
You feel less confused. The adder bites you. The gnoll misses you.
The gnoll hits you with a +0 spear.
* * * LOW HITPOINT WARNING * * *
It was a potion of invisibility.
You fade into invisibility!
* * * LOW HITPOINT WARNING * * *
You feel sick. The adder closely misses you. The gnoll hits you.
You die...

#.#.# #...# ##..#
.# #### #.>######
...#...##.........
#........########
#._......#
.......S.g#
.....8..@.#
#.......g.#
......._..#
##.........
##....##### #.###
.$. ##


You could see 2 gnolls and an adder.

Vanquished Creatures
  2 gnolls
  3 adders (D:2)
  2 worms (D:2)
  2 dart slugs
  2 leopard geckos
  2 orcs (D:3)
  2 giant cockroaches (D:1)
  7 goblins
  6 hobgoblins
  3 jackals
  10 kobolds
  A quokka (D:2)
  2 ball pythons (D:2)
  9 bats
  4 frilled lizards
  6 rats
63 creatures vanquished.

Notes
Turn   | Place    | Note
-------+----------+-------------------------------------------
     0 | D:1      | Ethylacetat the Octopode Venom Mage began the quest for the
                  | Orb.
     0 | D:1      | Reached XP level 1. HP: 11/11 MP: 3/3
   184 | D:1      | Reached XP level 2. HP: 17/17 MP: 0/5
   283 | D:1      | Reached skill level 4 in Poison Magic
   569 | D:1      | Reached XP level 3. HP: 17/21 MP: 6/6
  1317 | D:2      | Reached XP level 4. HP: 17/27 MP: 5/7
  1468 | D:2      | Reached skill level 1 in Polearms
  2247 | D:3      | Found a shattered altar of Ashenzari.
  2248 | D:3      | Found a stormy altar of Qazlal.
  2258 | D:3      | Reached skill level 5 in Poison Magic
  2258 | D:3      | Reached XP level 5. HP: 26/31 MP: 8/8
  2263 | D:3      | HP: 1/31 [gnoll/+0 spear (7)]
  2267 | D:3      | Slain by a gnoll

Illustrated notes

Levels and vault maps discovered:
D:1:      minmay_arrival_four_houses, layout_basic
D:2:      layout_rooms, minmay_circle_x
D:3:      layout_basic, nemelex_xobeh_ov_fountains_minmay, fedhas_altar_1,
          grunt_temple_overflow_open, first_ration

Skill      XL: |  1  2  3  4 |
---------------+-------------+-----
Poison Magic   | 4 5 |  5.0
Transmutations | 2 |  2.8
Polearms       | 1 |  1.3
Dodging        | |  2.0
Stealth        | |  2.6
Spellcasting   | |  2.5

Action                   |  1- 3 |  4- 6 || total
-------------------------+-------+-------++-------
Melee: Unarmed           |    17 |       ||    17
       Constrict         |    13 |    12 ||    25
       Tentacles         |     4 |     8 ||    12
       Spear             |    48 |    68 ||   116
 Cast: Sting             |    15 |     5 ||    20
  Use: Potion            |       |     4 ||     4
 Stab: Sleeping          |     8 |     9 ||    17
  Eat: Chunk             |     1 |     3 ||     4
Armor: Skin              |     1 |     9 ||    10
Dodge: Dodged            |    33 |    34 ||    67
